 Seeded DCSS version 0.29.1-15-g9cfb28693d (webtiles) character file.

Game seed: 16245865983455551772 (custom seed)

4 Atreus the Trooper (level 1, 19/19 HPs)
             Began as a Palentonga Berserker on Mar 9, 2023.
             Was a Follower of Trog.
             Quit the game on level 1 of the Dungeon.
             The game lasted 00:01:20 (324 turns).

Atreus the Trooper (Palentonga Berserker)            Turns: 324, Time: 00:01:20

Health: 19/19      AC:  4    Str: 22    XL:     1   Next: 50%
Magic:  1/1        EV:  9    Int:  7    God:    Trog [*.....]
Gold:   666        SH:  0    Dex:  9    Spells: 0/0 levels left

rFire   . . .      SeeInvis +   a - +0 hand axe
rCold   . . .      Faith    .   (no shield)
rNeg    . . .      Spirit   .   b - +0 animal skin
rPois   .          Reflect  .   (no helmet)
rElec   .          Harm     .   (no cloak)
rCorr   .          Rampage  .   (no gloves)
Will    .....                   (no barding)
Stlth   +.........              (no amulet)
HPRegen 0.06/turn               (no ring)
MPRegen 0.07/turn               (no ring)

@: no status effects
A: large, rugged brown scales 3, see invisible, deformed body, roll 1, armoured
tail
a: Rolling Charge, Renounce Religion, Berserk


You were on level 1 of the Dungeon.
You worshipped Trog.
Trog was aware of your devotion.
You visited 1 branch of the dungeon, and saw 1 of its levels.

You collected 666 gold pieces.

Inventory:

Hand Weapons
 a - a +0 hand axe (weapon)
 c - the +13 scythe of Curses {drain, Drain}
   (You acquired it on level 1 of the Dungeon)

   A truly terrible weapon, it drains the life of any living foe it strikes.
   It inflicts powerful necromantic curses on any living foe it strikes.
   Drain:     It drains your maximum health when unequipped.
Armour
 b - a +0 animal skin (worn)
 d - the +7 ring mail "Riyduosm" {Contam Str+3 Dex+2}
   (You acquired it on level 1 of the Dungeon)

   Str:       It affects your strength (+3).
   Dex:       It affects your dexterity (+2).
   Contam:    It causes magical contamination when unequipped.


   Skills:
 * Level 3.1 Fighting
 - Level 3.1 Axes
 - Level 1.6 Armour
 - Level 1.6 Dodging


You couldn't memorise any spells.
You didn't know any spells.
Your spell library was empty.

Dungeon Overview and Level Annotations

Branches:
Dungeon (1/15)

Altars:


Innate Abilities, Weirdness & Mutations

You are completely covered in rugged brown scales. (AC +3, +7% HP)
You have supernaturally acute eyesight. (SInv)
Armour fits poorly on your strangely shaped body.
You can roll at nearby foes to attack.
You have a long armoured tail.


Message History

Unknown command.
The quokka barely misses you.
Found 3 scrolls labelled WAC GOIFOFITOUPLEC.
The quokka bites you but does no damage.
A red film seems to cover your vision as you go berserk!
You feel yourself moving faster!
You feel mighty!
The quokka bites you but does no damage.
You slash the quokka!
You kill the quokka!
Trog accepts your kill.
You see here a quokka corpse.
Unknown command.
You start resting.
You feel a strong urge to attack something.
You start resting.
You feel your anger nearly subside.
You start resting.
You are no longer berserk.
You are exhausted.
You feel yourself slow down.
You start resting.
You feel yourself speed up.
You start resting.
You recover from your berserk rage.
You start resting.
You start resting.
You start resting.
You start resting.
c - 3 scrolls labelled WAC GOIFOFITOUPLEC
There are no items here.
This is a scroll of acquirement!
Something appears at your feet! Something appears at your feet!
Okay, then.
Something appears at your feet!
c - the +13 scythe of Curses {drain, Drain}
d - the +7 ring mail "Riyduosm" {Contam Str+3 Dex+2} You now have 666 gold pieces.
You aren't carrying any scrolls.
Are you sure you want to abandon this character and quit the game? (Confirm with "yes".)

# .# #.#
######..###
#.@........
.......#..#.....
#.##...#..# ...
#...###.## #
#... #..# ...#
#..# ##.## ....
#..#.r #..#
....#
#.##...##.##
....# #....
#รท.#.....#


There were no monsters in sight!

Vanquished Creatures
  An endoplasm (D:1)
  A goblin (D:1)
  A quokka (D:1)
3 creatures vanquished.

Notes
Turn   | Place    | Note
-------+----------+-------------------------------------------
     0 | D:1      | Atreus the Palentonga Berserker began the quest for the
                  | Orb.
     0 | D:1      | Reached XP level 1. HP: 19/19 MP: 1/1
   320 | D:1      | Identified 3 scrolls of acquirement
   320 | D:1      | Acquired the +13 scythe of Curses {drain, Drain}
   320 | D:1      | Found the +13 scythe of Curses {drain, Drain}
   321 | D:1      | Acquired 666 gold pieces
   322 | D:1      | Acquired the +7 ring mail "Riyduosm" {Contam Str+3 Dex+2}
   324 | D:1      | Quit the game

Illustrated notes

Levels and vault maps discovered:
D:1:      minmay_arrival_hallway, layout_loops_corners, basic_ecumenical_altar,
          minmay_unequal

Action                   || total
-------------------------++-------
Melee: Hand axe          ||     8
       Tailslap          ||     1
Invok: Berserk           ||     1
  Use: Scroll            ||     3
Armor: Animal skin       ||     8
Dodge: Dodged            ||     7
